 Dungeon Crawl Stone Soup version 0.27.1-2-g3b301248ec (webtiles) character file.

Game seed: 18076824180538937327

86 H0rd4k the Insei (level 4, -1/28 HPs)
             Began as an Octopode Transmuter on Sept 27, 2021.
             Killed from afar by Sigmund (3 damage)
             ... with a magic dart
             ... on level 2 of the Dungeon.
             The game lasted 00:01:45 (2705 turns).

H0rd4k the Insei (Octopode Transmuter)              Turns: 2705, Time: 00:01:46

Health: -1/28      AC:  2    Str:  9    XL:     4   Next: 50%
Magic:  5/8        EV: 19    Int: 16    God:
Gold:   160        SH:  0    Dex: 17    Spells: 5/9 levels left

rFire    . . .     SeeInvis .     - Unarmed
rCold    . . .     Faith    .   (shield currently unavailable)
rNeg     . . .     Spirit   .   (helmet currently unavailable)
rPois    x         Reflect  .   (no amulet)
rElec    .         Harm     .   (no ring)
rCorr    .         Rampage  .   (no ring)
Will     .....                  (no ring)
Stlth    ++........             (no ring)
HPRegen  0.09/turn              (no ring)
MPRegen  0.11/turn              (no ring)
                                (no ring)
                                (no ring)

@: spider-form (expiring)
A: venomous fangs, almost no armour, (amphibious), 8 rings, tiny, (camouflage
1), (gelatinous body 1), (nimble swimmer 1), (tentacles)
a: End Transformation


You were on level 2 of the Dungeon.
You were a venomous arachnid creature.
You visited 1 branch of the dungeon, and saw 2 of its levels.

You collected 160 gold pieces.

Inventory:

Scrolls
 b - a scroll of amnesia {unknown}
 d - 3 scrolls of identify {unknown}
 e - a scroll of magic mapping {unknown}
 f - a scroll of teleportation {unknown}
Potions
 a - a potion of heal wounds {unknown}
 c - a potion of lignification {unknown}


   Skills:
 + Level 1.0 Fighting
 + Level 2.2 Dodging
 + Level 2.0 Stealth
 + Level 3.4 Unarmed Combat
 * Level 3.0 Spellcasting
 * Level 2.3 Transmutations
 * Level 1.4 Poison Magic


You had 5 spell levels left.
You knew the following spells:

 Your Spells              Type           Power      Damage    Failure   Level
a - Beastly Appendage     Tmut           18%        N/A       19%         1
b - Spider Form           Tmut/Pois      4%         N/A       47%         3

Your spell library contained the following spells:

 Spells                   Type           Power      Damage    Failure   Level
 Wereblood                Tmut           9%         N/A       26%         2
 Ice Form                 Ice/Tmut       6%         N/A       89%         4


Dungeon Overview and Level Annotations

Branches:
Dungeon (2/15)

Altars:

Annotations:
D:2 Sigmund


Innate Abilities, Weirdness & Mutations

You are a venomous arachnid creature.
You have poisonous fangs.
You are tiny and dextrous.
Your spellcasting is less reliable in this form.
Your armour is entirely melded.
You are incapable of wielding weapons or throwing items.
You cannot wear most types of armour.
((You are amphibious.))
You can wear up to eight rings at the same time.
((Your skin changes colour to match your surroundings (Stealth+).))
((Your rubbery body absorbs attacks. (AC +1, EV +1)))
((You are camouflaged near water. (Stealth+)))
((You have tentacles for arms and can constrict up to eight enemies at once.))


Message History

The ball python is heavily wounded.
The ball python closely misses you. The ball python grabs you.
The ball python constricts you. The ball python closely misses you.
The ball python constricts you.
You tentacle-slap the ball python.
You kill the ball python!
No target in view!
No target in view!
No target in view!
No target in view!
Things that are here:
a +0 whip; a ball python corpse
Found a stone staircase leading up.
Things that are here:
a +0 whip; a ball python corpse
Found a stone staircase leading up.
Partly explored, can't reach some items and places.
Partly explored, can't reach some items and places.
Press: ? - help, . - travel You can't see that place. [the floor.] Reduced exclusion size to a single square.
Removed exclusion.
Casting: Beastly Appendage (safe; 7% risk of failure)
Confirm with . or Enter, or press ? or * to list all spells.
The spell is quite dangerous to cast (26% risk of failure)!
Continue anyway?
You turn into a venomous arachnid creature.
Your transformation is almost over.
Sigmund shouts!
Sigmund hits you from afar with a +0 scythe!
Ouch! That really hurt!
You hit Sigmund.
Sigmund is poisoned.
Sigmund is lightly wounded.
Sigmund hits you with a +0 scythe!
* * * LOW HITPOINT WARNING * * *
You hit Sigmund but do no damage.
Sigmund looks as sick as possible!
Sigmund is lightly wounded.
Sigmund casts a spell at you. The magic dart hits you.
You die...

######### ########## #.......#
### .........# #.#####.# #..
.#######.# #.# ##.#####.# ....#
#.######## #.# #........# ..#.#
#.......<# #.############# ..#.#
#....#######.##..........#
..#.####....#.....).##...######.#
..#....#....#..@s...##...# #.#
..####.#....#..####.##...# #.#
.....#.#....#..##....#...# #.#
..#.##.#....#..##........# #.#
#)#....#....#..##....##### #.#
.)..........$.........## #.#
#...........#..........# #.#
########.####........#.## #.#
#.............#..# #.#


You could see Sigmund (extremely poisoned).

Vanquished Creatures
  5 adders (D:2)
  A gnoll (D:1)
  2 endoplasms (D:1)
  A giant cockroach (D:2)
  5 goblins
  4 hobgoblins
  4 ball pythons
  5 bats
  3 frilled lizards
  3 kobolds
  A rat (D:2)
34 creatures vanquished.

Vanquished Creatures (others)
  4 toadstools (D:2)
4 creatures vanquished.

Grand Total: 38 creatures vanquished

Notes
Turn   | Place    | Note
-------+----------+-------------------------------------------
     0 | D:1      | H0rd4k the Octopode Transmuter began the quest for the Orb.
     0 | D:1      | Reached XP level 1. HP: 13/13 MP: 3/3
   329 | D:1      | Reached XP level 2. HP: 15/18 MP: 5/5
   647 | D:1      | Reached skill level 1 in Stealth
   836 | D:1      | Reached XP level 3. HP: 23/23 MP: 6/6
   840 | D:1      | Learned a level 3 spell: Spider Form
  1356 | D:2      | Reached skill level 1 in Poison Magic
  1678 | D:2      | Noticed Sigmund
  1682 | D:2      | Reached XP level 4. HP: 19/28 MP: 6/8
  1992 | D:2      | Found a faded altar of an unknown god.
  2705 | D:2      | Killed from afar by Sigmund

Illustrated notes

Levels and vault maps discovered:
D:1:      evilmike_arrival_crescent, layout_basic
D:2:      layout_basic, ebering_ecumenical_altar_sacrificial,
          minmay_gold_behind_fungi, uniq_sigmund

Skill      XL: |  1  2  3  4 |
---------------+-------------+-----
Stealth        | 1 2 |  2.0
Poison Magic   | 1 |  1.4
Spellcasting   | 3 |  3.0
Fighting       | |  1.0
Dodging        | |  2.2
Unarmed Combat | |  3.4
Transmutations | |  2.3

Action                   |  1- 3 |  4- 6 || total
-------------------------+-------+-------++-------
Melee: Unarmed           |    48 |    31 ||    79
       Constrict         |    12 |     4 ||    16
       Tentacles         |    10 |     6 ||    16
       Punch             |     1 |     1 ||     2
       Kick              |     6 |     2 ||     8
 Cast: Beastly Appendage |     3 |     3 ||     6
       Spider Form       |       |     1 ||     1
 Stab: Sleeping          |     5 |     2 ||     7
Armor: Skin              |     2 |     4 ||     6
Dodge: Dodged            |    22 |    21 ||    43
